| TOP OF THE 1ST |
|
Lake County Captains batting - Pitching for Burlington Bees : RHP Chris DePalma
|
|
Pitching: RHP Chris DePalma
|
|
|
Batting: RHB Reynaldo Herrera
|
0-0: Ball 1-0: Called Strike 1-1: SINGLE (Line Drive, 4M, EV 105.6 MPH)
|
|
Batting: RHB Gashie Chimsima
|
0-0: Called Strike Reynaldo Herrera steals 2nd base 0-1: Ball 1-1: Ball 2-1: Swinging Strike 2-2: Ball 3-2: Strikes out looking
|
|
Batting: LHB Devon Grant
|
0-0: SINGLE (Groundball, 4MD, EV 105.6 MPH) Reynaldo Herrera to third Runner from 3rd tries for Home, SAFE, throw by CF to home
|
|
Batting: LHB Danny Moreno
|
0-0: Called Strike 0-1: Ball 1-1: Ball 2-1: Ball 3-1: Base on Balls Devon Grant to second
|
|
Batting: RHB Ricky Butts
|
0-0: Ball 1-0: Fly out, F4 (Line Drive, 4M, EV 63.8 MPH)
|
|
Batting: RHB Josh Stinnett
|
0-0: Ball 1-0: Called Strike 1-1: Foul Ball, location: 2F 1-2: Strikes out swinging
|
| Top of the 1st over - 1 run, 2 hits, 0 errors, 2 left on base; Lake County 1 - Burlington 0 |
| BOTTOM OF THE 1ST |
|
Burlington Bees batting - Pitching for Lake County Captains : RHP Jose Esteban
|
|
Pitching: RHP Jose Esteban
|
|
|
Batting: RHB Ryan Munro
|
0-0: Ball 1-0: Swinging Strike 1-1: Foul Ball, location: 2F 1-2: Foul Ball, location: 2F 1-2: Strikes out looking
|
|
Batting: LHB Mark Reeg
|
0-0: Ball 1-0: Ball 2-0: Ball 3-0: Base on Balls
|
|
Batting: LHB Justin Balthazor
|
0-0: Ball 1-0: Ball 2-0: Ball Mark Reeg is caught stealing 2nd base 2-6 3-0: Base on Balls
|
|
Batting: LHB Griffin Ferris
|
0-0: Foul Ball, location: 2F 0-1: Ball 1-1: Foul Ball, location: 2F 1-2: Ball 2-2: Ball 3-2: Foul Ball, location: 2F 3-2: Foul Ball, location: 2F 3-2: Fly out, F8 (Flyball, 8RD, EV 103.8 MPH)
|
| Bottom of the 1st over - 0 runs, 0 hits, 0 errors, 1 left on base; Lake County 1 - Burlington 0 |
| TOP OF THE 2ND |
|
Lake County Captains batting - Pitching for Burlington Bees : RHP Chris DePalma
|
|
Batting: RHB Shane Smith
|
0-0: Ball 1-0: Called Strike 1-1: Foul Ball, location: 2F 1-2: Ball 2-2: Ball 3-2: Ground out U3 (Groundball, 34S, EV 61.2 MPH)
|
|
Batting: RHB Seth Rutz
|
0-0: Called Strike 0-1: Ball 1-1: Ground out 6-3 (Groundball, 56, EV 80.6 MPH)
|
|
Batting: RHB David Schweitzer
|
0-0: Foul Ball, location: 2F 0-1: Ground out 6-3 (Groundball, 6, EV 103.1 MPH)
|
| Top of the 2nd over - 0 runs, 0 hits, 0 errors, 0 left on base; Lake County 1 - Burlington 0 |
| BOTTOM OF THE 2ND |
|
Burlington Bees batting - Pitching for Lake County Captains : RHP Jose Esteban
|
|
Batting: RHB Ryuji Ito
|
0-0: Ball 1-0: Ball 2-0: Ball 3-0: Base on Balls
|
|
Batting: LHB Brett Bugge
|
0-0: Ball Ryuji Ito steals 2nd base 1-0: Ball 2-0: Fly out, F8 (Line Drive, 8LS, EV 97.5 MPH)
|
|
Batting: RHB Tim Lively
|
0-0: Foul Ball, location: 2F 0-1: Ball 1-1: Called Strike 1-2: Ball 2-2: SINGLE (Line Drive, 9S, EV 97.5 MPH) Ryuji Ito to third Runner from 3rd tries for Home, SAFE, throw by RF to home
|
|
Batting: RHB Eric Davis
|
0-0: Foul Ball, location: 2F 0-1: Ball 1-1: Called Strike 1-2: Foul Ball, location: 2F 1-2: SINGLE (Groundball, 6D, EV 99.4 MPH) Tim Lively to second
|
|
Batting: RHB Peter Westover
|
0-0: Swinging Strike 0-1: Ball 1-1: Foul Ball, location: 2F 1-2: Strikes out looking
|
|
Batting: RHB Ryan Munro
|
0-0: Swinging Strike 0-1: Ball 1-1: Foul Ball, location: 2F 1-2: Ball 2-2: DOUBLE (Line Drive, 7LM, EV 88.8 MPH) Tim Lively scores Eric Davis to third
|
|
Batting: LHB Mark Reeg
|
0-0: Called Strike 0-1: SINGLE (Line Drive, 34D, EV 93.8 MPH) Eric Davis scores Ryan Munro to third Runner from 3rd tries for Home, throw by RF and OUT! 9-2
|
| Bottom of the 2nd over - 3 runs, 4 hits, 0 errors, 1 left on base; Lake County 1 - Burlington 3 |
| TOP OF THE 3RD |
|
Lake County Captains batting - Pitching for Burlington Bees : RHP Chris DePalma
|
|
Batting: RHB Reynaldo Herrera
|
0-0: Foul Ball, location: 2F 0-1: Ball 1-1: Swinging Strike 1-2: Strikes out swinging
|
|
Batting: RHB Gashie Chimsima
|
0-0: Ball 1-0: Swinging Strike 1-1: Foul Ball, location: 2F 1-2: Foul Ball, location: 2F 1-2: Ball 2-2: Ball 3-2: Foul Ball, location: 2F 3-2: Foul Ball, location: 2F 3-2: Ground out 4-3 (Groundball, 4S, EV 85.6 MPH)
|
|
Batting: LHB Devon Grant
|
0-0: Fly out, F7 (Line Drive, 7, EV 98.8 MPH)
|
| Top of the 3rd over - 0 runs, 0 hits, 0 errors, 0 left on base; Lake County 1 - Burlington 3 |
| BOTTOM OF THE 3RD |
|
Burlington Bees batting - Pitching for Lake County Captains : RHP Jose Esteban
|
|
Batting: LHB Justin Balthazor
|
0-0: SINGLE (Groundball, 4D, EV 105.0 MPH)
|
|
Batting: LHB Griffin Ferris
|
0-0: Ball 1-0: Foul Ball, location: 2F 1-1: Foul Ball, location: 2F 1-2: Ball 2-2: Ball 3-2: DOUBLE (Line Drive, 7LS, EV 90.6 MPH) Justin Balthazor to third
|
|
Batting: RHB Ryuji Ito
|
0-0: Ball 1-0: Ball 2-0: Ball 3-0: Called Strike 3-1: Foul Ball, location: 2F 3-2: Foul Ball, location: 2F 3-2: SINGLE (Groundball, 6M, EV 98.1 MPH) (infield hit) Justin Balthazor scores Griffin Ferris to third
|
|
Batting: LHB Brett Bugge
|
0-0: Ball 1-0: Ball 2-0: Grounds into double play, 4-6-3 (Groundball, 4, EV 84.4 MPH) Griffin Ferris scores
|
|
Batting: RHB Tim Lively
|
0-0: Foul Ball, location: 2F 0-1: Called Strike 0-2: Ball 1-2: Strikes out looking
|
| Bottom of the 3rd over - 2 runs, 3 hits, 0 errors, 0 left on base; Lake County 1 - Burlington 5 |
| TOP OF THE 4TH |
|
Lake County Captains batting - Pitching for Burlington Bees : RHP Chris DePalma
|
|
Batting: LHB Danny Moreno
|
0-0: Called Strike 0-1: Called Strike 0-2: Ball 1-2: Ball 2-2: Ground out 6-3 (Groundball, 6M, EV 85.6 MPH)
|
|
Batting: RHB Ricky Butts
|
0-0: Ball 1-0: Ground out 6-3 (Groundball, 6, EV 77.5 MPH)
|
|
Batting: RHB Josh Stinnett
|
0-0: Called Strike 0-1: Ball 1-1: Ball 2-1: Foul Ball, location: 2F 2-2: SINGLE (Line Drive, 8LS, EV 100.0 MPH)
|
|
Batting: RHB Shane Smith
|
0-0: Ball Pickoff Throw to First - Out! 1-3 CS
|
| Top of the 4th over - 0 runs, 1 hit, 0 errors, 0 left on base; Lake County 1 - Burlington 5 |
| BOTTOM OF THE 4TH |
|
Burlington Bees batting - Pitching for Lake County Captains : RHP Jose Esteban
|
|
Pitching: RHP Tim bin Fadi
|
|
|
Batting: RHB Eric Davis
|
0-0: Called Strike 0-1: Foul Ball, location: 2F 0-2: Foul Ball, location: 2F 0-2: Ground out 6-3 (Groundball, 56D, EV 105.6 MPH)
|
|
Batting: RHB Peter Westover
|
0-0: Ball 1-0: Swinging Strike 1-1: Ball 2-1: Ball 3-1: Foul Ball, location: 2F 3-2: Ground out 6-3 (Groundball, 6S, EV 63.1 MPH)
|
|
Batting: RHB Ryan Munro
|
0-0: Called Strike 0-1: Ball 1-1: Ball 2-1: Swinging Strike 2-2: Ball 3-2: Foul Ball, location: 2F 3-2: Fly out, F9 (Flyball, 89S, EV 88.1 MPH)
|
| Bottom of the 4th over - 0 runs, 0 hits, 0 errors, 0 left on base; Lake County 1 - Burlington 5 |
| TOP OF THE 5TH |
|
Lake County Captains batting - Pitching for Burlington Bees : RHP Chris DePalma
|
|
Batting: RHB Shane Smith
|
0-0: Ball 1-0: Swinging Strike 1-1: Called Strike 1-2: Foul Ball, location: 2F 1-2: Ground out U3 (Groundball, 34, EV 104.4 MPH)
|
|
Batting: RHB Seth Rutz
|
0-0: Ball 1-0: Foul Ball, location: 2F 1-1: Ball 2-1: Fly out, F7 (Flyball, 7D, EV 106.2 MPH)
|
|
Batting: RHB David Schweitzer
|
0-0: Foul Ball, location: 2F 0-1: Foul Ball, location: 2F 0-2: Ball 1-2: Ball 2-2: Foul Ball, location: 2F 2-2: Fly out, F3 (Popup, 23F, EV 92.5 MPH)
|
| Top of the 5th over - 0 runs, 0 hits, 0 errors, 0 left on base; Lake County 1 - Burlington 5 |
| BOTTOM OF THE 5TH |
|
Burlington Bees batting - Pitching for Lake County Captains : RHP Tim bin Fadi
|
|
Batting: LHB Mark Reeg
|
0-0: Called Strike 0-1: Ground out U3 (Groundball, 13, EV 87.5 MPH)
|
|
Batting: LHB Justin Balthazor
|
0-0: Foul Ball, location: 2F 0-1: Ground out 4-3 (Groundball, 4M, EV 88.1 MPH)
|
|
Batting: LHB Griffin Ferris
|
0-0: Called Strike 0-1: Ball 1-1: Ball 2-1: Ball 3-1: Base on Balls
|
|
Batting: RHB Ryuji Ito
|
0-0: Ball 1-0: Ball 2-0: Ball 3-0: Called Strike 3-1: Base on Balls Griffin Ferris to second
|
|
Batting: LHB Brett Bugge
|
0-0: Ball 1-0: Ball 2-0: Ball 3-0: Base on Balls Griffin Ferris to third Ryuji Ito to second
|
|
Batting: RHB Tim Lively
|
0-0: Swinging Strike 0-1: Swinging Strike 0-2: Ground out 4-3 (Groundball, 34, EV 86.2 MPH)
|
| Bottom of the 5th over - 0 runs, 0 hits, 0 errors, 3 left on base; Lake County 1 - Burlington 5 |
| TOP OF THE 6TH |
|
Lake County Captains batting - Pitching for Burlington Bees : RHP Chris DePalma
|
|
Batting: RHB Reynaldo Herrera
|
0-0: Ball 1-0: Called Strike 1-1: Ball 2-1: Foul Ball, location: 2F 2-2: Foul Ball, location: 2F 2-2: Ball 3-2: SINGLE (Groundball, 56, EV 97.5 MPH)
|
|
Pitching: RHP Simon Vogel
|
|
|
Batting: RHB Gashie Chimsima
|
0-0: Called Strike 0-1: Ball Balk! Reynaldo Herrera to second 1-1: SINGLE (Groundball, 34D, EV 105.6 MPH) Reynaldo Herrera to third Runner from 3rd tries for Home, throw by RF and OUT! 9-2
|
|
Batting: LHB Devon Grant
|
0-0: Called Strike 0-1: Ball Gashie Chimsima steals 2nd base 1-1: Foul Ball, location: 2F 1-2: Strikes out swinging
|
|
Batting: LHB Danny Moreno
|
0-0: Foul Ball, location: 2F 0-1: Swinging Strike 0-2: Foul Ball, location: 2F 0-2: Ball 1-2: Foul Ball, location: 2F 1-2: Ball 2-2: Ball 3-2: Strikes out swinging
|
| Top of the 6th over - 0 runs, 2 hits, 0 errors, 1 left on base; Lake County 1 - Burlington 5 |
| BOTTOM OF THE 6TH |
|
Burlington Bees batting - Pitching for Lake County Captains : RHP Tim bin Fadi
|
|
Batting: RHB Eric Davis
|
0-0: Ball 1-0: Ball 2-0: Foul Ball, location: 2F 2-1: SINGLE (Groundball, 6D, EV 105.6 MPH)
|
|
Batting: RHB Peter Westover
|
0-0: Grounds into double play, 4-6-3 (Groundball, 4, EV 80.6 MPH)
|
|
Batting: RHB Ryan Munro
|
0-0: Ball 1-0: Ball 2-0: Ball 3-0: Base on Balls
|
|
Batting: LHB Mark Reeg
|
0-0: Ball 1-0: Called Strike 1-1: Called Strike 1-2: Strikes out swinging
|
| Bottom of the 6th over - 0 runs, 1 hit, 0 errors, 1 left on base; Lake County 1 - Burlington 5 |
| TOP OF THE 7TH |
|
Lake County Captains batting - Pitching for Burlington Bees : RHP Simon Vogel
|
|
Pitching: RHP Dakota McAdam
|
|
|
Batting: RHB Ricky Butts
|
0-0: Foul Ball, location: 2F 0-1: Ball 1-1: Called Strike 1-2: Strikes out looking
|
|
Batting: RHB Josh Stinnett
|
0-0: SINGLE (Groundball, 13S, EV 73.1 MPH) (infield hit)
|
|
Batting: RHB Shane Smith
|
0-0: Ball 1-0: Ball 2-0: Called Strike Josh Stinnett steals 2nd base 2-1: Foul Ball, location: 2F 2-2: Fly out, F8 (Flyball, 8RXD, EV 74.4 MPH) Runner from 2nd tags up, SAFE at 3rd, no throw by CF
|
|
Batting: RHB Seth Rutz
|
0-0: Foul Ball, location: 2F 0-1: Called Strike 0-2: Fly out, F5 (Popup, 5, EV 69.4 MPH)
|
| Top of the 7th over - 0 runs, 1 hit, 0 errors, 1 left on base; Lake County 1 - Burlington 5 |
| BOTTOM OF THE 7TH |
|
Burlington Bees batting - Pitching for Lake County Captains : RHP Tim bin Fadi
|
|
Pitching: RHP Brent Demby
|
|
|
Batting: LHB Justin Balthazor
|
0-0: Foul Ball, location: 2F 0-1: Called Strike 0-2: DOUBLE (Groundball, 3L, EV 106.2 MPH)
|
|
Batting: LHB Griffin Ferris
|
0-0: Ball 1-0: Ball 2-0: Called Strike 2-1: Fly out, F8 (Flyball, 8RD, EV 95.0 MPH)
|
|
Batting: RHB Ryuji Ito
|
0-0: Called Strike 0-1: Called Strike 0-2: Ball 1-2: Ball 2-2: Ball 3-2: Ground out 6-3 (Groundball, 6, EV 90.6 MPH)
|
|
Batting: LHB Brett Bugge
|
0-0: Foul Ball, location: 2F 0-1: Ground out 5-3 (Groundball, 56S, EV 70.6 MPH)
|
| Bottom of the 7th over - 0 runs, 1 hit, 0 errors, 1 left on base; Lake County 1 - Burlington 5 |
| TOP OF THE 8TH |
|
Lake County Captains batting - Pitching for Burlington Bees : RHP Dakota McAdam
|
|
Pitching: RHP Luis Cabrera
|
|
|
Batting: RHB David Schweitzer
|
0-0: Ball 1-0: Fly out, F2 (Popup, 5SF, EV 80.0 MPH)
|
|
Batting: RHB Reynaldo Herrera
|
0-0: Called Strike 0-1: Called Strike 0-2: Ball 1-2: Foul Ball, location: 2F 1-2: Ball 2-2: Strikes out swinging
|
|
Batting: RHB Gashie Chimsima
|
0-0: Ball 1-0: Called Strike 1-1: Swinging Strike 1-2: Strikes out swinging
|
| Top of the 8th over - 0 runs, 0 hits, 0 errors, 0 left on base; Lake County 1 - Burlington 5 |
| BOTTOM OF THE 8TH |
|
Burlington Bees batting - Pitching for Lake County Captains : RHP Brent Demby
|
|
Pitching: LHP Aaron Manees
|
|
|
Batting: RHB Tim Lively
|
0-0: Fly out, F7 (Line Drive, 7, EV 93.1 MPH)
|
|
Batting: RHB Eric Davis
|
0-0: Foul Ball, location: 2F 0-1: Ball 1-1: Ball 2-1: Ground out U3 (Groundball, 34S, EV 85.0 MPH)
|
|
Batting: RHB Peter Westover
|
0-0: Ball 1-0: Ball 2-0: Ball 3-0: Called Strike 3-1: Foul Ball, location: 2F 3-2: Strikes out swinging
|
| Bottom of the 8th over - 0 runs, 0 hits, 0 errors, 0 left on base; Lake County 1 - Burlington 5 |
| TOP OF THE 9TH |
|
Lake County Captains batting - Pitching for Burlington Bees : RHP Luis Cabrera
|
|
Pitching: RHP Jon Griffin
|
|
|
Batting: LHB Devon Grant
|
0-0: Ground out 4-3 (Groundball, 4, EV 84.4 MPH)
|
|
Batting: LHB Danny Moreno
|
0-0: Ball 1-0: Ball 2-0: Foul Ball, location: 2F 2-1: Foul Ball, location: 2F 2-2: Foul Ball, location: 2F 2-2: Foul Ball, location: 2F 2-2: Ball 3-2: Strikes out swinging
|
|
Batting: RHB Ricky Butts
|
0-0: Ball 1-0: Fly out, F9 (Flyball, 9LD, EV 91.9 MPH)
|
| Top of the 9th over - 0 runs, 0 hits, 0 errors, 0 left on base; Lake County 1 - Burlington 5 |
|